 Dungeon Crawl Stone Soup version 0.28-a0-194-g42b4daccc1 (webtiles) character file.

Game seed: 3507651021136869662

6601 jisko22 the Thaumaturge (level 11, -6/76 HPs)
             Began as a Djinni Fire Elementalist on Aug 15, 2021.
             Was an Initiate of Gozag.
             Mangled by a troll zombie (12 damage)
             ... on level 9 of the Dungeon on Aug 18, 2021.
             The game lasted 00:50:19 (19050 turns).

jisko22 the Thaumaturge (Djinni Fire Elementalist) Turns: 19050, Time: 00:50:20

Health: -6/76      AC:  5    Str:  7    XL:     11   Next: 21%
Gold:   1018       EV: 16    Int: 23    God:    Gozag SH:  6 Dex: 23

rFire   + + .      SeeInvis .   c - +0 dagger (venom)
rCold   x . .      Faith    .   h - +0 buckler
rNeg    . . .      Spirit   .   w - +2 robe {Will+}
rPois   ∞          Reflect  .   (no helmet)
rElec   .          Harm     .   m - +0 cloak
rCorr   .          Rampage  .   (no gloves)
Will    ++...                   (boots unavailable)
Stlth   ++........              (no amulet)
HPRegen 0.22/turn               E - +6 ring of dexterity
MPRegen 0.00/turn               o - +6 ring of intelligence

@: about to teleport, flying, studying Axes
A: sickness immunity, fire resistance 2, cold vulnerability 1, float, innate
caster, hp casting, extra vitality 1
a: Renounce Religion, Potion Petition, Call Merchant, Bribe Branch


You were on level 9 of the Dungeon.
You worshipped Gozag.
Gozag was most pleased with you.
You visited 2 branches of the dungeon, and saw 10 of its levels.

You collected 1065 gold pieces.
You paid 47 gold pieces to Gozag.

Inventory:

Hand Weapons
 b - a +0 club
 c - a +0 dagger of venom (weapon)
 d - a +1 dagger of holy wrath
 j - a +0 hunting sling
Missiles
 e - 17 poisoned darts (quivered)
 k - 221 stones
Armour
 a - a +0 robe
 h - a +0 buckler (worn)
 i - a +0 chain mail
 m - a +0 cloak (worn)
 w - a +2 robe of willpower (worn)
Jewellery
 l - a ring of resist corrosion
 o - a +6 ring of intelligence (right hand)
 E - a +6 ring of dexterity (left hand)
 G - a +6 ring of strength
 I - a ring of see invisible
Wands
 n - a wand of mindburst (11)
 q - a wand of polymorph (10)
 C - a wand of paralysis (3)
 D - a wand of iceblast (13)
Scrolls
 v - 2 scrolls of identify
 B - a scroll of magic mapping {unknown}
 F - a scroll of brand weapon {unknown}
 H - 2 scrolls of enchant armour {unknown}
Potions
 f - a potion of magic
 g - a potion of flight
 p - 3 potions of resistance
 r - a potion of lignification {unknown}
 s - a potion of heal wounds {unknown}
 t - a potion of berserk rage
 x - a potion of might {unknown}
 z - 2 potions of degeneration


   Skills:
 + Level 5.4 Fighting
 * Level 6.0 Short Blades
 - Level 5.2 Dodging
 - Level 1.5 Stealth
 - Level 4.0 Shields
 - Level 10.0 Spellcasting


You couldn't memorise any spells.
You knew the following spells:

 Your Spells              Type           Power      Damage    Failure   Level
a - Blink                 Tloc           N/A        N/A       1%          2
b - Foxfire               Conj/Fire      100%       2x1d9     1%          1
c - Fireball              Conj/Fire      27%        3d12      2%          5
d - Sticky Flame          Conj/Fire      55%        2d7       1%          4
e - Conjure Flame         Conj/Fire      55%        6-21      1%          3
f - Sting                 Tmut/Pois      100%       1d8       1%          1
g - Inner Flame           Hex/Fire       55%        N/A       1%          3
h - Gell's Gravitas       Tloc           27%        N/A       1%          3
i - Call Canine Familiar  Summ           55%        N/A       1%          3
j - Borgnjor's Vile Clut  Necr/Erth      27%        N/A       2%          5
Your spell library was empty.

Dungeon Overview and Level Annotations

Branches:
Dungeon (9/15)             Temple (1/1) D:4
   Lair: D:8-11         Orc: D:9-12

Altars:
Ashenzari
Cheibriados
Dithmenos
Elyvilon
Fedhas
Gozag
Hepliaklqana
Kikubaaqudgha
Makhleb
Nemelex Xobeh
Okawaru
Qazlal
Ru
Sif Muna
Trog
Uskayaw
Vehumet
Wu Jian
Xom
Yredelemnul
Zin
The Shining One

Shops:
D:2 :   D:5 [

Annotations:
D:6 1 runed translucent door, exclusions: door and 1 more exclusion, Crazy Yiuf


Innate Abilities, Weirdness & Mutations

You are immune to sickness and miasma.
You are immune to poison.
Your flesh is very heat resistant. (rF++)
You are vulnerable to cold. (rC-)
You float through the air rather than walking.
You learn spells naturally, not from books.
Your magical power is your life essence.
You have superior vitality. (+4 HP)


Message History

A goblin zombie comes into view.
You block the hobgoblin skeleton's attack.
You block the orc zombie's attack.
There is a stone staircase leading up here.
Okay, then.
You block the troll zombie's attack. The troll zombie misses you. x2
An orc zombie comes into view.
The hobgoblin zombie hits you.
* * * LOW HITPOINT WARNING * * *
The troll zombie bites you.
* * * LOW HITPOINT WARNING * * *
The troll zombie claws you but does no damage.
You block the troll zombie's attack.
You feel better. The hobgoblin skeleton misses you. The troll zombie bites you.
* * * LOW HITPOINT WARNING * * *
The troll zombie misses you. x2
You feel better.
A killer bee comes into view.
The hobgoblin skeleton barely misses you.
You feel better.
The troll zombie bites you but does no damage.
The troll zombie claws you but does no damage.
You block the troll zombie's attack.
The orc warrior hits you from afar with a +0 glaive!!
* * * LOW HITPOINT WARNING * * *
The hobgoblin skeleton misses you.
As you read the scroll of teleportation, it crumbles to dust.
You feel strangely unstable. The troll zombie bites you!
* * * LOW HITPOINT WARNING * * *
The troll zombie claws you.
* * * LOW HITPOINT WARNING * * *
The troll zombie claws you.
* * * LOW HITPOINT WARNING * * *
The orc warrior closely misses you.
It was a potion of flight.
You feel more buoyant.
The hobgoblin skeleton barely misses you.
The troll zombie bites you!
You die...
Your body crumbles into a pile of gold.

#.# #.# Z.
#.# ...
#.###....
#Z.ZZ.$$.
#ZZ#Z$$[.
###ZZZZ8$$.


#@ZoZZZZZ.. ##ZZ##ZZ.[. #Z## Z$. #.# . #.# #$# #.. ##. You could see an orc
warrior, 2 goblin zombies, 3 hobgoblin zombies, 6 orc zombies, 2 ogre zombies, a
two-headed ogre zombie, 2 troll zombies, a goblin skeleton, a hobgoblin skeleton
and an orc skeleton.

Vanquished Creatures
  A two-headed ogre (D:9)
  Pikel (D:3)
  Joseph (D:7)
  A meliai (shapeshifter) (D:9)
  A hornet (D:9)
  Grinder (D:3)
  Prince Ribbit (D:7)
  Sigmund (D:3)
  A shadow (D:8)
  A basilisk (D:7)
  Menkaure (D:7)
  A steam dragon (D:9)
  Duvessa (D:7)
  5 orc warriors
  An ice beast (D:7)
  A black bear (D:6)
  A hornet zombie (D:7)
  2 ogres
  4 centaurs
  2 lemures (D:3)
  A phantom (D:9)
  A kobold brigand (D:8)
  Blork the orc (D:5)
  2 wyvern zombies
  4 bullfrogs
  A gnoll sergeant (D:8)
  3 scorpions
  Dowan (D:7)
  3 killer bees (D:7)
  2 bullfrog zombies
  A howler monkey (D:9)
  2 centaur zombies (D:9)
  6 orc priests
  A hound (D:4)
  4 jellies
  A gnoll shaman (D:8)
  2 iguanas
  Natasha (thrice) (D:2)
  14 orc wizards
  A hound skeleton (D:4)
  Robin (D:3)
  A howler monkey zombie (D:9)
  5 adders
  4 white imps
  A dart slug (D:2)
  2 worms
  35 orcs
  6 ball pythons
  3 bats
  4 endoplasms
  5 giant cockroaches
  15 goblins
  11 hobgoblins
  6 jackals
  3 kobolds
  3 quokkas
  4 frilled lizards
  An orc skeleton (D:9)
  3 orc zombies (D:9)
  2 rats
198 creatures vanquished.

Vanquished Creatures (collateral kills)
  A hornet (D:7)
  A water moccasin (D:7)
  A phantom (D:8)
  A white imp (D:7)
  A foxfire (D:2)
5 creatures vanquished.

Vanquished Creatures (others)
  563 foxfires
  27 plants (D:3)
590 creatures vanquished.

Grand Total: 793 creatures vanquished

Notes
Turn   | Place    | Note
-------+----------+-------------------------------------------
     0 | D:1      | jisko22 the Djinni Fire Elementalist began the quest for
                  | the Orb.
     0 | D:1      | Reached XP level 1. HP: 15/15 MP: 0/0
   155 | D:1      | Reached XP level 2. HP: 17/22 MP: 0/0
   387 | D:1      | Found a faded altar of an unknown god.
   428 | D:1      | Reached skill level 1 in Fighting
   861 | D:1      | Reached XP level 3. HP: 24/27 MP: 0/0
   861 | D:1      | Learned a level 1 spell: Sting
  1621 | D:2      | Noticed Natasha
  1627 | D:2      | Killed Natasha
  1628 | D:2      | Reached skill level 1 in Shields
  1628 | D:2      | Reached XP level 4. HP: 23/32 MP: 0/0
  1988 | D:2      | Noticed Natasha
  1996 | D:2      | Killed Natasha
  1997 | D:2      | Reached skill level 3 in Spellcasting
  2245 | D:2      | Noticed Natasha
  2260 | D:2      | Killed Natasha
  2261 | D:2      | Reached skill level 1 in Short Blades
  2261 | D:2      | Reached XP level 5. HP: 17/38 MP: 0/0
  2261 | D:2      | Learned a level 2 spell: Blink
  2507 | D:2      | Found Pimom's Book Shop.
  2622 | D:3      | Noticed Robin
  3456 | D:3      | HP: 1/38 [Robin (5)]
  4044 | D:3      | Killed Robin
  5224 | D:3      | Reached XP level 6. HP: 41/43 MP: 0/0
  5563 | D:4      | Noticed Grinder
  5826 | D:4      | Noticed Sigmund
  5969 | D:3      | Killed Sigmund
  5970 | D:3      | Reached XP level 7. HP: 23/49 MP: 0/0
  5970 | D:3      | Learned a level 3 spell: Gell's Gravitas
  7423 | D:3      | Paralysed by Grinder for 4 turns
  7483 | D:3      | Killed Grinder
  7484 | D:3      | Reached skill level 4 in Spellcasting
  7818 | D:4      | Noticed Pikel
  7915 | D:3      | Killed Pikel
  7916 | D:3      | Reached skill level 5 in Dodging
  7916 | D:3      | Reached XP level 8. HP: 33/56 MP: 0/0
  8193 | D:4      | Found a staircase to the Ecumenical Temple.
  8216 | Temple   | Entered the Ecumenical Temple
  8283 | Temple   | Became a worshipper of Gozag Ym Sagoz the Greedy
  8308 | D:4      | Found a sacrificial altar of Ru.
  8555 | D:5      | Entered Level 5 of the Dungeon
  8669 | D:5      | Upgraded the game from 0.28-a0-128-gcbb86046cc to
                  | 0.28-a0-172-g787e458d71
  8764 | D:5      | Noticed Blork the orc
  8782 | D:5      | Killed Blork the orc
  9065 | D:5      | Reached skill level 5 in Spellcasting
  9421 | D:5      | Found Ziqykk's Armour Boutique.
  9492 | D:6      | Reached XP level 9. HP: 58/62 MP: 0/0
  9492 | D:6      | Learned a level 3 spell: Call Canine Familiar
 10124 | D:6      | Reached skill level 6 in Spellcasting
 10606 | D:6      | Found a runed translucent door.
 10607 | D:6      | Noticed Crazy Yiuf
 11318 | D:7      | Noticed Dowan
 11321 | D:7      | Noticed Duvessa
 11334 | D:7      | Killed Dowan
 11889 | D:7      | Killed Duvessa
 11890 | D:7      | Reached skill level 7 in Spellcasting
 12189 | D:7      | Found a shadowy altar of Dithmenos.
 12196 | D:7      | Found a stormy altar of Qazlal.
 12203 | D:7      | Found a glowing golden altar of the Shining One.
 12211 | D:7      | Found a sparkling altar of Nemelex Xobeh.
 12219 | D:7      | Found a shimmering altar of Xom.
 12224 | D:7      | Found a blossoming altar of Fedhas.
 12262 | D:7      | Noticed Prince Ribbit
 12292 | D:7      | Noticed Joseph
 12655 | D:7      | Killed Joseph
 13201 | D:7      | Noticed a hornet
 13237 | D:6      | Reached skill level 8 in Spellcasting
 13264 | D:7      | Upgraded the game from 0.28-a0-172-g787e458d71 to
                  | 0.28-a0-178-ga708605c5b
 13435 | D:7      | Noticed Menkaure
 13443 | D:7      | Killed Menkaure
 13444 | D:7      | Reached XP level 10. HP: 19/67 MP: 0/0
 14733 | D:7      | Reached skill level 9 in Spellcasting
 15902 | D:7      | Killed Prince Ribbit
 16118 | D:7      | Upgraded the game from 0.28-a0-178-ga708605c5b to
                  | 0.28-a0-194-g42b4daccc1
 17446 | D:9      | Reached skill level 10 in Spellcasting
 17969 | D:9      | Noticed a two-headed ogre
 17972 | D:9      | Reached XP level 11. HP: 48/74 MP: 0/0
 17972 | D:9      | Learned a level 5 spell: Borgnjor's Vile Clutch
 17975 | D:9      | Killed a two-headed ogre
 17976 | D:9      | Reached skill level 5 in Fighting
 17976 | D:9      | Reached skill level 5 in Short Blades
 18268 | D:9      | Noticed a fire dragon
 19050 | D:9      | Mangled by a troll zombie

Illustrated notes

Levels and vault maps discovered:
D:1:      lemuel_arrival_broad_hall, layout_loops_cross,
          hellmonk_ecumenical_altar_blasted
D:2:      layout_loops_ring, serial_shops, shop, serial_park_tiny_2,
          uniq_natasha
D:3:      layout_loops_cross, serial_bayou, serial_bayou_lake_a,
          serial_bayou_crossing, serial_bayou_pond_a, serial_bayou_pond_d,
          serial_bayou_shore_b, uniq_robin
D:4:      layout_cave_pools, nicolae_ru_awakened_eye,
          minmay_temple_entry_proselytizer, uniq_sigmund, uniq_grinder,
          uniq_pikel
D:5:      layout_loops_cross, serial_shops, shop_fountains, st_stairs_12,
          uniq_blork_the_orc
D:6:      layout_loops_ring, nicolae_water_bricks, kennysheep_generic_room_4,
          uniq_crazy_yiuf_cottage
D:7:      layout_basic, grunt_temple_overflow_octagram, grunt_potential,
          uniq_prince_ribbit1, uniq_duvessa, uniq_menkaure, uniq_joseph
D:8:      layout_cave_pools, minivault_10, minmay_misc_feat_doors,
          minmay_manual_moon
D:9:      minmay_bloctagon, layout_rooms, zombieorc2_lemuel,
          chequers_serial_rivers_large_a
Temple:   eino_temple_lava

Skill      XL: |  1  2  3  4  5  6  7  8  9 10 11 |
---------------+----------------------------------+-----
Fighting       | 1 2 3 4 5 |  5.4
Shields        | 1 2 3 4 |  4.0
Dodging        | 3 5 |  5.2
Spellcasting   | 3 4 5 8 10 | 10.0
Short Blades   | 1 3 4 6 |  6.0
Stealth        | |  1.5

Action                   |  1- 3 |  4- 6 |  7- 9 | 10-12 || total
-------------------------+-------+-------+-------+-------++-------
Melee: Dagger            |    10 |    60 |    55 |    49 ||   174
Throw: Dart              |       |     3 |     5 |       ||     8
 Cast: Foxfire           |    47 |    52 |   155 |    72 ||   326
       Blink             |       |    19 |    21 |    13 ||    53
       Conjure Flame     |       |       |    13 |     2 ||    15
       Sticky Flame      |       |       |     1 |       ||     1
       Call Canine Famil |       |       |     2 |       ||     2
       Fireball          |       |       |       |    41 ||    41
Evoke: Wand              |       |       |     5 |     3 ||     8
  Use: Scroll            |     2 |     1 |     4 |     7 ||    14
       Potion            |       |     1 |       |     5 ||     6
 Stab: Sleeping          |     1 |       |     1 |       ||     2
       Distracted        |       |       |       |     2 ||     2
Armor: Robe              |     2 |    19 |    25 |    17 ||    63
       Chain mail        |       |       |     2 |       ||     2
Dodge: Dodged            |     8 |    74 |   103 |   130 ||   315
Block: Buckler           |       |       |    27 |    58 ||    85

Table legend: (Time is in decaauts)
 A = Elapsed time spent in this place.
 B = Non-inter-level travel time spent in this place.
 C = Inter-level travel time spent in this place.
 D = Time resting spent in this place.
 E = Time spent auto-exploring this place.
 F = Levels seen in this place.
 G = Mean time per level.
                   A        B        C        D        E       F      G
               +--------+--------+--------+--------+--------+-----+--------+
         Total |  19081 |  18575 |    506 |  10509 |   5358 |  10 | 1908.1 |
       Dungeon |  19002 |  18496 |    506 |  10509 |   5358 |   9 | 2111.3 |
        Temple |     79 |     79 |      0 |      0 |      0 |   1 |   79.0 |
               +--------+--------+--------+--------+--------+-----+--------+

Top non-repeatable levels by time:
     D:7: 5157 daAuts
     D:3: 4287 daAuts
     D:2: 2427 daAuts
     D:8: 2371 daAuts
     D:6: 1591 daAuts
     D:5: 1300 daAuts
     D:1: 1061 daAuts
     D:4: 722 daAuts
     D:9: 82 daAuts
  Temple: 79 daAuts
